 Dungeon Crawl Stone Soup version 0.29-a0-308-g4e025c60ea (webtiles) character file.

Game seed: 58477148114925788

1704 GordonOverkill the Archer (level 8, -3/50 HPs)
             Began as a Deep Elf Hunter on Mar 28, 2022.
             Slain by a killer bee (6 damage)
             ... on level 8 of the Dungeon.
             The game lasted 00:15:33 (8086 turns).

GordonOverkill the Archer (Deep Elf Hunter)         Turns: 8086, Time: 00:15:34

Health: -3/50      AC: 15    Str: 10    XL:     8   Next: 73%
Magic:  10/10      EV: 12    Int: 15    God:
Gold:   243        SH:  0    Dex: 18    Spells: 7/7 levels left

rFire   . . .      SeeInvis .   b - +7 Throatcutter {drain, coup de grace}
rCold   . . .      Faith    .   (no shield)
rNeg    . . .      Spirit   .   q - +3 leather armour
rPois   .          Reflect  .   i - +2 helmet
rElec   .          Harm     .   n - +1 cloak
rCorr   .          Rampage  .   (no gloves)
Will    .....                   (no boots)
Stlth   ++........              (no amulet)
HPRegen 0.16/turn               p - +4 ring of protection
MPRegen 0.12/turn               (no ring)

@: lethally poisoned (-3 -> -23)
A: no striking features
a: no special abilities


You were on level 8 of the Dungeon.
You visited 1 branch of the dungeon, and saw 7 of its levels.

You collected 313 gold pieces.
You spent 70 gold pieces at shops.

Inventory:

Hand Weapons
 a - a +1 shortbow
 b - the +7 Throatcutter (weapon) {drain, coup de grace}
   (You found it on level 4 of the Dungeon)

   A truly terrible weapon, it drains the life of any living foe it strikes.
   It may instantly kill foes which have little health.
 t - the +6 trident "Atteug" {freeze, Str+5}
   (You found it on level 8 of the Dungeon)

   It freezes those it strikes, dealing additional cold damage.
   It can also slow down cold-blooded creatures.
   Str:       It affects your strength (+5).
Missiles
 k - a throwing net
Armour
 i - a +2 helmet (worn)
 n - a +1 cloak (worn)
 q - a +3 leather armour (worn)
Jewellery
 e - an amulet of magic regeneration
 m - a ring of ice
 p - a +4 ring of protection (left hand)
Wands
 d - a wand of flame (15)
 g - a wand of iceblast (4)
Scrolls
 c - a scroll of immolation
 f - a scroll of teleportation
 j - a scroll of silence
 l - a scroll of fog
 s - a scroll of enchant weapon {unknown}
Potions
 r - a potion of might


   Skills:
 + Level 5.4 Fighting
 * Level 12.5 Bows
 - Level 2.4 Dodging
 - Level 1.2 Stealth
 - Level 3.0 Evocations


You had 7 spell levels left.
You didn't know any spells.
Your spell library contained the following spells:

 Spells                   Type           Power      Damage    Failure   Level
 Blink                    Tloc           0%         N/A       50%         2
 Corpse Rot               Necr/Air       0%         N/A       50%         2
 Ensorcelled Hibernation  Hex/Ice        0%         N/A       50%         2
 Passwall                 Tmut/Erth      0%         N/A       50%         2
 Poisonous Vapours        Pois/Air       0%         N/A       50%         2
 Call Canine Familiar     Summ           0%         N/A       73%         3
 Portal Projectile        Hex/Tloc       0%         N/A       73%         3
 Swiftness                Air            0%         N/A       73%         3
 Hailstorm                Conj/Ice       0%         3d3       98%         4
 Ice Form                 Ice/Tmut       0%         N/A       98%         4
 Leda's Liquefaction      Hex/Erth       0%         N/A       98%         4
 Manifold Assault         Tloc           0%         N/A       100%        5
 Simulacrum               Ice/Necr       0%         N/A       100%        6
 Malign Gateway           Summ/Tloc      0%         N/A       100%        7
 Storm Form               Tmut/Air       0%         N/A       100%        7
 Summon Horrible Things   Summ           0%         N/A       100%        8


Dungeon Overview and Level Annotations

Branches:
Dungeon (8/15)
 Temple: D:4-7         Lair: D:8-11

Altars:

Shops:
D:2 !   D:5 *

Annotations:
D:8 Prince Ribbit


Message History

You are more poisoned.
The killer bee poisons you!
You feel better.
The killer bee stings you but does no damage.
The killer bee stings you.
* * * LOW HITPOINT WARNING * * *
You are poisoned.
The killer bee poisons you!
The killer bee stings you but does no damage. x2
You miss the killer bee.
The killer bee is severely wounded.
You feel sick. The killer bee closely misses you.
The killer bee stings you but does no damage.
The killer bee barely misses you. x3; The killer bee closely misses you.
You miss the killer bee. Your punch misses the killer bee.
The killer bee is severely wounded.
You feel sick. The killer bee misses you. The killer bee stings you.
* * * LOW HITPOINT WARNING * * *
You are more poisoned.
The killer bee poisons you! The killer bee stings you.
* * * LOW HITPOINT WARNING * * *
The killer bee stings you.
* * * LOW HITPOINT WARNING * * *
You are lethally poisoned!
The killer bee poisons you!
Okay, then.
Okay, then.
Okay, then.
You slash the killer bee!
You kill the killer bee!
* * * LOW HITPOINT WARNING * * *
You feel very sick. The killer bee closely misses you.
The killer bee stings you.
* * * LOW HITPOINT WARNING * * *
You are more poisoned.
The killer bee poisons you! The killer bee closely misses you.
* * * LOW HITPOINT WARNING * * *
You feel very sick. The killer bee barely misses you.
The killer bee stings you.
You die...

#...#...###.....####..#
#.......
#..###............#...#
#..####. #..#
#..........#....## ##...#
#. #.##
##..##.....##....###....#
#. #.#
##.####...###....#..#####
#. .## #..#
#...###....#.## ##
..####..#
##.........#..##
.#..#..## #.<........#..#
.##....###
##..#@y#...#####
.##......###†####.#.###
......##..#.## ###..#
...#.......## #...#
...........# #..##
####..####.## #..# # #..#
##..## #### #
##.###†.#.#### F #
#.##y####...##...


You could see a killer bee.

Vanquished Creatures
  Sigmund (D:2)
  An orc warrior (D:8)
  An ice beast (D:3)
  2 centaurs
  An ogre (D:5)
  A lemure (D:8)
  A phantom (D:5)
  Blork the orc (D:5)
  A bullfrog (D:7)
  3 scorpions
  3 killer bees (D:8)
  2 hounds
  A jelly (D:4)
  3 orc priests
  Natasha (thrice) (D:2)
  Ijyb (D:4)
  3 iguanas
  6 adders
  3 gnolls
  A worm (D:2)
  4 dart slugs
  13 orcs
  2 bats
  9 endoplasms
  3 giant cockroaches
  2 goblins (D:1)
  5 hobgoblins
  17 jackals
  8 kobolds
  2 quokkas
  11 ball pythons
  8 frilled lizards
  5 rats
128 creatures vanquished.

Vanquished Creatures (others)
  A sky beast (D:7)
  8 plants (D:4)
9 creatures vanquished.

Grand Total: 137 creatures vanquished

Notes
Turn   | Place    | Note
-------+----------+-------------------------------------------
     0 | D:1      | GordonOverkill the Deep Elf Hunter began the quest for the
                  | Orb.
     0 | D:1      | Reached XP level 1. HP: 12/12 MP: 3/3
   180 | D:1      | Reached XP level 2. HP: 17/17 MP: 4/4
   368 | D:1      | Reached skill level 6 in Bows
   756 | D:2      | Reached XP level 3. HP: 21/21 MP: 5/5
  1732 | D:2      | Reached XP level 4. HP: 27/27 MP: 6/6
  1824 | D:2      | Noticed Sigmund
  1859 | D:2      | Killed Sigmund
  1860 | D:2      | Reached skill level 8 in Bows
  1860 | D:2      | Reached XP level 5. HP: 32/32 MP: 7/7
  2306 | D:2      | Reached XP level 6. HP: 37/37 MP: 8/8
  2388 | D:2      | Noticed Natasha
  2391 | D:2      | Killed Natasha
  2498 | D:2      | Noticed Natasha
  2507 | D:2      | Killed Natasha
  2658 | D:2      | Found Hemaetwytei's Distillery.
  2666 | D:2      | Bought a potion of heal wounds for 70 gold pieces
  2920 | D:2      | Noticed Natasha
  2945 | D:2      | Killed Natasha
  3383 | D:3      | Noticed an ice beast
  3666 | D:3      | Killed an ice beast
  3667 | D:3      | Reached skill level 9 in Bows
  4510 | D:4      | Found the +7 Throatcutter {drain, coup de grace}
  4570 | D:4      | Reached XP level 7. HP: 42/42 MP: 9/9
  4777 | D:4      | Reached skill level 1 in Evocations
  5746 | D:4      | Noticed Ijyb
  5758 | D:4      | Killed Ijyb
  5763 | D:4      | Reached skill level 10 in Bows
  6125 | D:5      | Entered Level 5 of the Dungeon
  6125 | D:5      | Noticed Blork the orc
  6309 | D:5      | Killed Blork the orc
  6450 | D:5      | Found Suschum's Gadget Gallery.
  6476 | D:5      | Reached XP level 8. HP: 48/48 MP: 10/10
  6485 | D:5      | Reached skill level 11 in Bows
  6974 | D:5      | You fall into a shaft and drop 3 floors!
  6977 | D:8      | Identified the +6 trident "Atteug" {freeze, Str+5}
  7397 | D:8      | Reached skill level 5 in Fighting
  7804 | D:8      | Noticed Prince Ribbit
  7815 | D:8      | Reached skill level 12 in Bows
  8086 | D:8      | Slain by a killer bee

Illustrated notes

Levels and vault maps discovered:
D:1:      dpeg_arrival_concentric_ovals, layout_basic
D:2:      layout_basic, serial_shops, shop, minmay_tromino_i4, uniq_sigmund,
          uniq_natasha
D:3:      layout_rooms, chequers_hall_statues_y, amethyst_killhole
D:4:      layout_loops_cross, minmay_misc_feat_alley, chequers_big_river,
          serial_bayou_pond_c, serial_bayou_pond_a, uniq_ijyb
D:5:      layout_rooms, nicolae_shop_gadgets, uniq_blork_the_orc
D:7:      layout_cave_pools, enter_bailey_2, minmay_misc_feat_room,
          hangedman_decor_points, serial_bayou_pond_a, minmay_chambers_of_fives,
          uniq_pikel
D:8:      layout_layer_cave, uniq_prince_ribbit1, uniq_psyche

Skill      XL: |  1  2  3  4  5  6  7  8 |
---------------+-------------------------+-----
Bows           | 6 8 9 10 12 | 12.5
Fighting       | 2 3 4 5 |  5.4
Evocations     | 2 3 |  3.0
Dodging        | |  2.4
Stealth        | |  1.2

Action                   |  1- 3 |  4- 6 |  7- 9 || total
-------------------------+-------+-------+-------++-------
Melee: Long sword        |       |       |    17 ||    17
 Fire: Shortbow          |    84 |   181 |   199 ||   464
  Use: Potion            |       |     5 |     2 ||     7
       Scroll            |       |     9 |     6 ||    15
Armor: Ring mail         |     3 |       |       ||     3
       Scale mail        |    20 |    54 |    24 ||    98
       Skin              |       |    12 |       ||    12
       Leather armour    |       |       |    40 ||    40
Dodge: Dodged            |    41 |    57 |    98 ||   196

Table legend: (Time is in decaauts)
 A = Elapsed time spent in this place.
 B = Non-inter-level travel time spent in this place.
 C = Inter-level travel time spent in this place.
 D = Time resting spent in this place.
 E = Time spent auto-exploring this place.
 F = Levels seen in this place.
 G = Mean time per level.
                   A        B        C        D        E       F      G
               +--------+--------+--------+--------+--------+-----+--------+
         Total |   8226 |   7893 |    333 |   2952 |   3579 |   7 | 1175.1 |
       Dungeon |   8226 |   7893 |    333 |   2952 |   3579 |   7 | 1175.1 |
               +--------+--------+--------+--------+--------+-----+--------+

Top non-repeatable levels by time:
     D:2: 2589 daAuts
     D:1: 1324 daAuts
     D:4: 1315 daAuts
     D:3: 1069 daAuts
     D:8: 1052 daAuts
     D:5: 815 daAuts
     D:7: 58 daAuts
